 Dungeon Crawl Stone Soup version 0.28-a0-722-gc0678643b6 (webtiles) character file.

Game seed: 2940068804585780604

386 Lekart the Slasher (level 6, -3/53 HPs)
             Began as a Draconian Monk on Oct 24, 2021.
             Was a Believer of the Shining One.
             Slain by a wyvern zombie (11 damage)
             ... on level 7 of the Dungeon.
             The game lasted 00:04:23 (4873 turns).

Lekart the Slasher (Draconian Monk)                 Turns: 4873, Time: 00:04:24

Health: -3/53      AC:  7    Str: 15    XL:     6   Next: 48%
Magic:  15/15      EV: 13    Int: 10    God:    the Shining One [**....]
Gold:   209        SH:  0    Dex: 14    Spells: 3/5 levels left

rFire   . . .      SeeInvis .   a - +0 falchion
rCold   . . .      Faith    .   (no shield)
rNeg    + . .      Spirit   .   (armour unavailable)
rPois   .          Reflect  .   (helmet restricted)
rElec   .          Harm     .   (no cloak)
rCorr   .          Rampage  .   m - +0 pair of gloves
Will    .....                   (no boots)
Stlth   +.........              (no amulet)
HPRegen 0.17/turn               b - ring of magical power
MPRegen 0.14/turn               (no ring)

@: about to teleport, hasted, glowing, very quick
A: AC +6, unfitting armour, cold-blooded
a: Renounce Religion, Divine Shield


You were on level 7 of the Dungeon.
You worshipped the Shining One.
The Shining One was pleased with you.
You visited 1 branch of the dungeon, and saw 6 of its levels.

You collected 209 gold pieces.

Inventory:

Hand Weapons
 a - a +0 falchion (weapon)
Armour
 m - a +0 pair of gloves (worn)
Jewellery
 b - a ring of magical power (left hand)
 l - a +6 ring of intelligence
 s - a +4 ring of slaying
Wands
 p - a wand of digging (4)
Scrolls
 e - a scroll of holy word {unknown}
 f - 4 scrolls of identify {unknown}
 k - a scroll of blinking {unknown}
 n - a scroll of enchant weapon {unknown}
 r - a scroll of fog {unknown}
Potions
 h - a potion of lignification {unknown}
 i - 3 potions of attraction {unknown}
 j - 2 potions of flight {unknown}
 o - a potion of curing {unknown}
 q - a potion of cancellation {unknown}


   Skills:
 + Level 4.5 Fighting
 + Level 5.0 Long Blades
 + Level 3.7 Dodging
 + Level 2.8 Stealth
 + Level 0.1 Spellcasting
 * Level 2.0 Hexes


You had 3 spell levels left.
You knew the following spells:

 Your Spells              Type           Power      Damage    Failure   Level
a - Slow                  Hex            4%         N/A       24%         2

Your spell library contained the following spells:

 Spells                   Type           Power      Damage    Failure   Level
 Confusing Touch          Hex            4%         N/A       43%         3
 Sublimation of Blood     Necr           0%         N/A       50%         2
 Wereblood                Tmut           0%         N/A       50%         2
 Dazzling Flash           Conj/Hex       4%         N/A       58%         3
 Iskenderun's Mystic Bla  Conj/Tloc      0%         2d3       98%         4
 Yara's Violent Unravell  Hex/Tmut       1%         3d3       100%        5
 Starburst                Conj/Fire      0%         6d3       100%        6
 Summon Hydra             Summ           0%         N/A       100%        7


Dungeon Overview and Level Annotations

Branches:
Dungeon (5/15)
 Temple: D:4-7

Altars:
Ashenzari
Elyvilon
Okawaru
Vehumet
The Shining One

Shops:
D:1 [


Innate Abilities, Weirdness & Mutations

Your plain brown scales are hard. (AC +6)
You cannot fit into any form of body armour.
You are cold-blooded and may be slowed by cold attacks.


Message History

The wyvern zombie bites you.
The wyvern zombie bites you but does no damage.
You hit the wyvern zombie but do no damage.
You tail-slap the wyvern zombie.
The wyvern zombie is lightly damaged.
The wyvern zombie bites you.
A centaur comes into view.
The centaur shouts!
You slash the wyvern zombie!
The wyvern zombie is moderately damaged.
The wyvern zombie bites you.
The centaur wields a +0 shortbow.
The centaur shoots an arrow.
The arrow hits you!
The wyvern zombie completely misses you.
You hit the wyvern zombie. You tail-slap the wyvern zombie.
The wyvern zombie is heavily damaged.
The wyvern zombie bites you.
The centaur shoots an arrow.
The arrow closely misses you.
The arrow hits the wyvern zombie.
You are too injured to fight recklessly!
You are too injured to fight recklessly!
It was a potion of haste.
You feel yourself speed up.
The wyvern zombie bites you but does no damage.
The centaur shoots an arrow.
The arrow hits you.
The centaur shoots an arrow.
The arrow barely misses you. The wyvern zombie closely misses you.
The centaur shoots an arrow.
The arrow hits you!
* * * LOW HITPOINT WARNING * * *
The centaur shoots an arrow.
The arrow hits you!
* * * LOW HITPOINT WARNING * * *
As you read the scroll of teleportation, it crumbles to dust.
You feel strangely unstable.
The wyvern zombie bites you but does no damage.
It was a potion of heal wounds.
You feel much better.
The centaur shoots an arrow.
The arrow hits you. The wyvern zombie closely misses you.
The centaur shoots an arrow.
The arrow hits you.
You see here a scroll of teleportation.
The centaur shoots an arrow.
The arrow hits you!
* * * LOW HITPOINT WARNING * * *
The wyvern zombie bites you!
You die...

#.##......##
..#.......#
#.#......<.
#[.c.....#
##.......#
.........#
#......#
#...Z?.#
#...@..#
#....###
####...#
.......
######... ##


You could see a centaur and a wyvern zombie.

Vanquished Creatures
  A necrophage (D:4)
  A centaur zombie (D:5)
  A hound (D:5)
  A jelly (D:4)
  2 iguanas
  A hound skeleton (D:4)
  A howler monkey skeleton (D:5)
  4 gnolls
  An adder (D:4)
  4 dart slugs
  5 orcs
  5 bats
  4 endoplasms
  5 giant cockroaches
  7 hobgoblins
  3 jackals (D:5)
  6 kobolds
  7 quokkas
  5 ball pythons (D:2)
  A frilled lizard (D:2)
  8 goblins
  A rat (D:1)
74 creatures vanquished.

Notes
Turn   | Place    | Note
-------+----------+-------------------------------------------
     0 | D:1      | Lekart the Draconian Monk began the quest for the Orb.
     0 | D:1      | Reached XP level 1. HP: 19/19 MP: 1/1
   332 | D:1      | Reached XP level 2. HP: 26/26 MP: 2/2
   415 | D:1      | Found Coar's Antique Armour Shop.
  1138 | D:1      | Reached XP level 3. HP: 33/33 MP: 3/3
  1141 | D:1      | Learned a level 2 spell: Slow
  2731 | D:3      | Found a faded altar of an unknown god.
  2908 | D:4      | Noticed a necrophage
  2921 | D:4      | Killed a necrophage
  2922 | D:4      | Reached skill level 4 in Long Blades
  2922 | D:4      | Reached skill level 1 in Hexes
  2922 | D:4      | Reached XP level 4. HP: 21/40 MP: 4/4
  2922 | D:4      | Reached XP level 5. HP: 24/46 MP: 5/5
  3154 | D:4      | Found an iron altar of Okawaru.
  3637 | D:4      | Found a radiant altar of Vehumet.
  3866 | D:5      | Entered Level 5 of the Dungeon
  3901 | D:5      | Found a glowing golden altar of the Shining One.
  3909 | D:5      | Found a white marble altar of Elyvilon.
  3936 | D:5      | Became a worshipper of the Shining One
  3936 | D:5      | Reached * piety under the Shining One
  3936 | D:5      | Reached ** piety under the Shining One
  4149 | D:4      | Reached XP level 6. HP: 48/53 MP: 6/6
  4410 | D:5      | Found a broken altar of Ashenzari.
  4646 | D:5      | Reached skill level 5 in Long Blades
  4855 | D:5      | You fall into a shaft and drop 2 floors!
  4869 | D:7      | HP: 2/53 [centaur/arrow (11)]
  4873 | D:7      | Slain by a wyvern zombie

Illustrated notes

Levels and vault maps discovered:
D:1:      psy_arrival_spokes, layout_basic, serial_shops, shop_statue
D:2:      layout_basic
D:3:      layout_rooms, shapermc_ecumenical_altar_totnotflames
D:4:      layout_basic, mainiacjoe_overflow_catwalk, lemuel_round_altar
D:5:      layout_loops_corners, mainiacjoe_overflow_large_starburst,
          mainiacjoe_overflow_paths, uniq_crazy_yiuf_cottage
D:7:      layout_rooms, nicolae_wu_jian_wuxing_cycle,
          mainiacjoe_overflow_24_doors, minmay_temple_entry_poolview,
          minmay_misc_feat_x

Skill      XL: |  1  2  3  4  5  6 |
---------------+-------------------+-----
Dodging        | 3 |  3.7
Stealth        | 2 |  2.8
Fighting       | 4 |  4.5
Long Blades    | 4 5 |  5.0
Hexes          | 1 2 |  2.0
Spellcasting   | |  0.1

Action                   |  1- 3 |  4- 6 || total
-------------------------+-------+-------++-------
Melee: Falchion          |   145 |   144 ||   289
       Tailslap          |    16 |    21 ||    37
 Cast: Slow              |       |     2 ||     2
  Use: Scroll            |     2 |     1 ||     3
       Potion            |       |     2 ||     2
 Stab: Sleeping          |     8 |     4 ||    12
Armor: Skin              |    46 |    53 ||    99
Dodge: Dodged            |    88 |   147 ||   235

Table legend: (Time is in decaauts)
 A = Elapsed time spent in this place.
 B = Non-inter-level travel time spent in this place.
 C = Inter-level travel time spent in this place.
 D = Time resting spent in this place.
 E = Time spent auto-exploring this place.
 F = Levels seen in this place.
 G = Mean time per level.
                   A        B        C        D        E       F      G
               +--------+--------+--------+--------+--------+-----+--------+
         Total |   4906 |   4776 |    130 |    223 |   3792 |   6 |  817.7 |
       Dungeon |   4906 |   4776 |    130 |    223 |   3792 |   6 |  817.7 |
               +--------+--------+--------+--------+--------+-----+--------+

Top non-repeatable levels by time:
     D:1: 1276 daAuts
     D:4: 1131 daAuts
     D:2: 1076 daAuts
     D:5: 834 daAuts
     D:3: 570 daAuts
     D:7: 16 daAuts
